 Dungeon Crawl Stone Soup version 0.31-a0-801-gc67433417a (webtiles) character file.

Game seed: 9356804476213591619

33 Ivernyr the Slasher (level 3, -4/18 HPs)
             Began as a Vine Stalker Gladiator on Sept 20, 2023.
             Killed from afar by Sigmund (6 damage)
             ... with a puff of flame
             ... on level 2 of the Dungeon.
             The game lasted 00:01:39 (775 turns).

Ivernyr the Slasher (Vine Stalker Gladiator)         Turns: 775, Time: 00:01:40

Health: -4/18      AC:  4    Str: 16    XL:     3   Next: 29%
Magic:  0/4        EV: 13    Int:  8    God:
Gold:   66         SH:  0    Dex: 23    Spells: 2/2 levels left

rFire   . . .        a - +0 long sword
rCold   . . .        (no shield)
rNeg    . . .        b - +0 leather armour
rPois   .            c - +0 helmet
rElec   .            (no cloak)
rCorr   .            (no gloves)
SInv    .            (no boots)
Will    .....        (no amulet)
Stlth   ++           f - +6 ring of dexterity
HPRegen 1.03/turn    (no ring)
MPRegen 0.09/turn

%: guardian spirit
@: no status effects
A: fangs 2, regeneration 1, magic shield, antimagic bite, no potion heal 2
a: no special abilities


You were on level 2 of the Dungeon.
You visited 1 branch of the dungeon, and saw 2 of its levels.

You collected 66 gold pieces.

Inventory:

Hand Weapons
 a - a +0 long sword (weapon)
Missiles
 d - 5 throwing nets (quivered)
 e - a javelin
Armour
 b - a +0 leather armour (worn)
 c - a +0 helmet (worn)
Jewellery
 f - a +6 ring of dexterity (left hand)
Scrolls
 g - a scroll of blinking {unknown}
 h - a scroll of identify {unknown}
 i - a scroll of fear {unknown}
 j - a scroll of teleportation {unknown}


   Skills:
 + Level 2.1 Fighting
 * Level 3.2 Long Blades
 - Level 1.7 Throwing
 + Level 0.8 Armour
 + Level 2.6 Dodging


You had 2 spell levels left.
You didn't know any spells.
Your spell library was empty.

Dungeon Overview and Level Annotations

Branches:
Dungeon (2/15)

Altars:

Annotations:
D:2 Sigmund


Innate Abilities, Weirdness & Mutations

You have extremely sharp teeth.
Your natural rate of healing is unusually fast.
When hurt, damage is shared between your health and your magic reserves.
Your bite disrupts and absorbs the magic of your enemies.
Potions cannot restore your health.


Message History

You kill the hobgoblin!
You now have 55 gold pieces (gained 13).
Magic restored.
Found a stone staircase leading down.
j - a scroll labelled TOCHUA XANGIX You see here a staff of death.
Found a chain mail.
A quokka comes into view.
The quokka moves out of view.
You see here 11 gold pieces.
A quokka is nearby!
You catch the helpless quokka completely off-guard!
You slash the quokka!
You kill the quokka!
You now have 66 gold pieces (gained 11).
Sigmund the Dreaded comes into view.
He is wielding a +0 scythe and wearing a +1 robe of cold resistance.
Sigmund is nearby!
Sigmund breathes a few words.
Sigmund's hands start flickering wildly.
Sigmund gestures wildly while chanting.
Sigmund flickers and vanishes!
Deactivating autopickup; reactivate with Ctrl-A.
You hit something. Something barely misses you.
You miss something.
You hear some strange, mumbled words.
A puff of flame appears from out of thin air!
The puff of flame hits you!
Ouch! That really hurt!
You closely miss something. Your bite misses something.
You hear some strange, mumbled words.
A puff of flame appears from out of thin air!
The puff of flame hits you!
Ouch! That really hurt!
* * * LOW HITPOINT WARNING * * *
You aren't carrying any potions.
You hit something. Your bite misses something.
You hear some strange, mumbled words.
A puff of flame appears from out of thin air!
The puff of flame hits you.
You die...

############
#..........############
#..........##.|.......#
#..........##.........#
#.....................#
+..................(..>
#....{@.........##...#.
#...............##.....
#...............##.....
#...............##.....
.......[....###.........
..########### .........
. ......... ...#.....
.....##..


There were no monsters in sight!

Vanquished Creatures
  2 adders (D:2)
  An endoplasm (D:1)
  A giant cockroach (D:1)
  A goblin (D:1)
  4 hobgoblins
  3 quokkas
  2 bats (D:1)
14 creatures vanquished.

Notes
Turn   | Place    | Note
-------+----------+-------------------------------------------
     0 | D:1      | Ivernyr the Vine Stalker Gladiator began the quest for the
                  | Orb.
     0 | D:1      | Reached XP level 1. HP: 11/11 MP: 2/2
   138 | D:1      | Reached XP level 2. HP: 15/15 MP: 3/3
   613 | D:1      | Reached skill level 3 in Long Blades
   719 | D:2      | Reached XP level 3. HP: 18/18 MP: 2/4
   767 | D:2      | Noticed Sigmund
   775 | D:2      | Killed from afar by Sigmund

Illustrated notes

Levels and vault maps discovered:
D:1:      lightli_arrival_lavapool, layout_basic, minmay_tetromino_o2
D:2:      layout_basic, due_unseen_surprise, uniq_sigmund,
          uniq_crazy_yiuf_cottage

Skill      XL: |  1  2 |
---------------+-------+-----
Fighting       | 2 |  2.1
Long Blades    | 3 |  3.2
Throwing       | |  1.7
Armour         | |  0.8
Dodging        | |  2.6

Action                     || total
---------------------------++-------
  Melee: Long sword        ||    40
         Bite              ||     4
   Stab: Sleeping          ||     1
         Distracted        ||     1
 Armour: Leather armour    ||    29
  Dodge: Dodged            ||    37

Table legend: (Time is in decaauts)
 A = Elapsed time spent in this place.
 B = Non-inter-level travel time spent in this place.
 C = Inter-level travel time spent in this place.
 D = Time resting spent in this place.
 E = Time spent auto-exploring this place.
 F = Levels seen in this place.
 G = Mean time per level.
                   A        B        C        D        E       F      G
               +--------+--------+--------+--------+--------+-----+--------+
         Total |    784 |    761 |     23 |      0 |    632 |   2 |  392.0 |
       Dungeon |    784 |    761 |     23 |      0 |    632 |   2 |  392.0 |
               +--------+--------+--------+--------+--------+-----+--------+

Top non-repeatable levels by time:
     D:1: 710 daAuts
     D:2: 73 daAuts
